 Dungeon Crawl Stone Soup version 0.31.0-11-ge490571c62 (webtiles) character file.

Game seed: 18420515664243693026

3289 Gobbopathe the Cleaver (level 10, -3/81 HPs)
             Began as a Gnoll Cinder Acolyte on Feb 1, 2024.
             Was a High Priest of Ignis.
             Slain by a two-headed ogre
             ... wielding a +0 halberd
              (19 damage)
             ... in a bailey.
             The game lasted 00:35:13 (7743 turns).

Gobbopathe the Cleaver (Gnoll Cinder Acolyte)       Turns: 7743, Time: 00:35:14

Health: -3/81      AC: 10    Str: 17    XL:     10   Next: 1%
Magic:  14/18      EV: 12    Int: 13    God:    Ignis [*****.]
Gold:   163        SH:  0    Dex:  9    Spells: 12/20 levels left

rFire   + + .        a - +0 battleaxe
rCold   + . .        (shield currently unavailable)
rNeg    . . .        V - +2 ring mail {rC+}
rPois   .            (no helmet)
rElec   .            s - +0 cloak
rCorr   .            (no gloves)
SInv    +            E - +0 pair of boots
Will    .....        w - amulet of the acrobat
Stlth   ++           x - ring of protection from fire
HPRegen 0.33/turn    T - ring of see invisible
MPRegen 0.16/turn

%: acrobat
@: about to teleport
A: fangs 1, strong nose, distributed training
a: Renounce Religion, Fiery Armour, Foxfire Swarm, Rising Flame


You were in a bailey.
You worshipped Ignis.
Ignis was extremely pleased with you.
You visited 2 branches of the dungeon, and saw 9 of its levels.
You also visited: Bailey.

You collected 371 gold pieces.
You spent 208 gold pieces at shops.

Inventory:

Hand Weapons
 a - a +0 battleaxe (weapon)
 b - a +0 sling
 l - a +3 long sword
 F - a -1 hand axe of flaming
 K - a +0 war axe
 U - a +5 flail of protection
Missiles
 d - 85 stones
 f - 7 javelins
 j - 3 datura-tipped darts
 m - a throwing net
 v - 9 boomerangs (quivered)
 Z - 2 poisoned darts
Armour
 s - a +0 cloak (worn)
 D - a +0 robe
 E - a +0 pair of boots (worn)
 H - a +0 helmet
 L - a +0 buckler
 O - a +2 helmet
 P - a +0 scale mail
 R - a +0 plate armour
 V - a +2 ring mail of cold resistance (worn)
 Y - the +1 leather armour of the Heron {rPois rF- Int+3 Dex+8}
   (You found it on level 8 of the Dungeon)

   Int+3:     It affects your intelligence (+3).
   Dex+8:     It affects your dexterity (+8).
   rF-:       It makes you vulnerable to fire.
   rPois:     It protects you from poison
Jewellery
 w - an amulet of the acrobat (around neck)
 x - a ring of protection from fire (left hand)
 T - a ring of see invisible (right hand)
Talismans
 N - the dragon-blood talisman "Nagoacof" {Int+2}
   (You found it on level 6 of the Dungeon)

   [dragon-blood talisman]

   Int+2:     It affects your intelligence (+2).
Wands
 B - a wand of acid (15)
 J - a wand of charming (9)
 S - a wand of polymorph (9)
 W - a wand of mindburst (7)
Scrolls
 h - a scroll of enchant weapon {unknown}
 i - 3 scrolls of fear {unknown}
 k - a scroll of brand weapon {unknown}
 q - 2 scrolls of summoning {unknown}
 r - 8 scrolls of identify
 t - 2 scrolls of teleportation
 y - a scroll of vulnerability {unknown}
 z - a scroll of revelation {unknown}
 C - a scroll of immolation {unknown}
 G - a scroll of blinking {unknown}
 I - a scroll of amnesia {unknown}
 Q - a scroll of fog {unknown}
 X - a scroll of noise {unknown}
Potions
 c - 2 potions of invisibility {unknown}
 e - 2 potions of degeneration {unknown}
 g - 2 potions of attraction {unknown}
 n - a potion of might {unknown}
 o - 5 potions of mutation {unknown}
 p - a potion of heal wounds {unknown}
 u - a potion of berserk rage {unknown}
 A - 2 potions of haste {unknown}
 M - 3 potions of curing {unknown}


   Skills:
 + Level 8.3 Fighting
 + Level 5.0 Short Blades
 + Level 5.0 Long Blades
 + Level 8.3 Axes
 + Level 5.0 Maces & Flails
 + Level 5.0 Polearms
 + Level 5.0 Staves
 + Level 5.0 Ranged Weapons
 + Level 5.0 Throwing
 + Level 5.0 Armour
 + Level 5.0 Dodging
 + Level 5.0 Stealth
 + Level 5.0 Shields
 + Level 5.0 Unarmed Combat
 + Level 5.8 Spellcasting
 + Level 4.1 Conjurations
 + Level 4.1 Hexes
 + Level 4.1 Summonings
 + Level 4.1 Necromancy
 + Level 4.1 Translocations
 + Level 6.9 Fire Magic
 + Level 4.1 Ice Magic
 + Level 4.1 Air Magic
 + Level 4.1 Earth Magic
 + Level 4.1 Alchemy
 + Level 5.4 Invocations
 + Level 5.0 Evocations
 + Level 4.5 Shapeshifting


You had 12 spell levels left.
You knew the following spells:

 Your Spells              Type           Power      Damage    Failure   Level
a - Scorch                Fire           42%        2d6       2%          2
b - Swiftness             Air            14%        N/A       17%         3
c - Passwall              Erth           14%        N/A       17%         3

Your spell library contained the following spells:

 Spells                   Type           Power      Damage    Failure   Level
 Ensorcelled Hibernation  Hex/Ice        28%        N/A       9%          2


Dungeon Overview and Level Annotations

Branches:
Dungeon (8/15) Zot: 26530  Temple (1/1) D:4 Zot: 5998  Bailey (1/1) Zot: 5843
   Lair: D:8-11

Altars:
Ashenzari
Cheibriados
Elyvilon
Fedhas
Hepliaklqana
Kikubaaqudgha
Makhleb
Nemelex Xobeh
Sif Muna
Trog
Wu Jian
Xom
Yredelemnul
Zin
The Shining One

Shops:
D:1 *   D:5 [

Annotations:
D:3 exclusion: scorpion
Temple 2 transporters


Innate Abilities, Weirdness & Mutations

You have very sharp teeth.
Your uncanny sense of smell can sniff out nearby items.
Your experience applies equally to all skills.


Message History

Your two-headed ogre hits something from afar with a +0 halberd!!
You hear a splash.
You feel a bit more experienced.
Throw: 9 boomerangs
Press: ? - help, Q - select action, (/) - cycle Shift-Dir - straight line, f/p - ogre
Aim: an ogre, wielding a +3 glaive (severely wounded, 74% to hit)
You throw a boomerang. The boomerang hits the ogre!
You kill the ogre!
Your Short Blades skill increases to level 5!
Your Long Blades skill increases to level 5!
Your Maces & Flails skill increases to level 5!
Your Polearms skill increases to level 5!
Your Staves skill increases to level 5!
Your Ranged Weapons skill increases to level 5!
Your Throwing skill increases to level 5!
Your Armour skill increases to level 5!
Your Dodging skill increases to level 5!
Your Stealth skill increases to level 5!
Your Shields skill increases to level 5!
Your Unarmed Combat skill increases to level 5!
Your Evocations skill increases to level 5!
You have reached level 10!
Things that are here:
a +3 glaive; an ogre corpse You enter the shallow water.
Moving in this stuff is going to be slow.
f - 6 javelins (gained 3)
f - 7 javelins (gained 1)
Press: ? - help, v - describe, . - travel
Here: a two-headed ogre, wielding a +0 halberd and a +0 bardiche (charmed, friendly) Some shallow water.
The two-headed ogre is no longer charmed.
The two-headed ogre barely misses you.
The two-headed ogre completely misses you.
You see here a poisoned dart.
Okay, then.
As you read the scroll of teleportation, it crumbles to dust.
You feel strangely unstable.
The two-headed ogre hits you from afar with a +0 halberd!!
You die...

#♣).## #.....#
♣#(.###.....##
∆∆
#))~~~..∩...#
∆∆
♣..~~~......#
∆
#.)~~~......#
∆∆
#..)~~......#
∆∆
♣).~~~..∩...#
##.O###)....##
#@.## #.....#
#.(## ##...##
#.(## ##.##
..(# ### ..(#
####


You could see a two-headed ogre.

Vanquished Creatures
  A spriggan (Bailey)
  A yak (D:7)
  2 steam dragons
  Edmund (D:6)
  3 ice beasts
  An orc warrior (D:6)
  A black bear (D:7)
  6 ogres
  A centaur (D:6)
  A phantom (D:7)
  A kobold brigand (D:8)
  3 bullfrogs
  2 scorpions
  3 wights (D:8)
  A howler monkey (D:4)
  6 orc priests
  2 bombardier beetles
  3 hounds
  A jelly (D:6)
  A sleepcap (D:5)
  3 iguanas (D:5)
  4 orc wizards
  5 adders
  6 gnolls
  2 shadow imps (D:7)
  2 white imps
  4 dart slugs
  24 orcs
  3 bats
  10 endoplasms
  9 goblins
  5 hobgoblins
  12 kobolds
  5 ball pythons
  A frilled lizard (D:1)
  3 rats
139 creatures vanquished.

Vanquished Creatures (collateral kills)
  A spriggan (Bailey)
1 creature vanquished.

Grand Total: 140 creatures vanquished

Notes
Turn   | Place    | Note
-------+----------+-------------------------------------------
     0 | D:1      | Gobbopathe the Gnoll Cinder Acolyte began the quest for the
                  | Orb.
     0 | D:1      | Reached XP level 1. HP: 23/23 MP: 4/4
    92 | D:1      | Reached XP level 2. HP: 26/29 MP: 5/5
   467 | D:1      | Reached XP level 3. HP: 35/35 MP: 7/7
   470 | D:1      | Learned a level 2 spell: Scorch
   516 | D:1      | Found Plog's Assorted Antiques.
   520 | D:1      | Bought a sedimented blue potion for 19 gold pieces
   520 | D:1      | Bought a cyan potion for 19 gold pieces
   520 | D:1      | Bought a ruby potion for 19 gold pieces
   884 | D:2      | Reached skill level 1 in Invocations
  1080 | D:2      | Reached skill level 1 in Short Blades
  1080 | D:2      | Reached skill level 1 in Long Blades
  1080 | D:2      | Reached skill level 1 in Maces & Flails
  1080 | D:2      | Reached skill level 1 in Polearms
  1080 | D:2      | Reached skill level 1 in Staves
  1080 | D:2      | Reached skill level 1 in Ranged Weapons
  1080 | D:2      | Reached skill level 1 in Throwing
  1080 | D:2      | Reached skill level 1 in Armour
  1080 | D:2      | Reached skill level 1 in Dodging
  1080 | D:2      | Reached skill level 1 in Stealth
  1080 | D:2      | Reached skill level 1 in Shields
  1080 | D:2      | Reached skill level 1 in Unarmed Combat
  1080 | D:2      | Reached skill level 1 in Evocations
  1255 | D:2      | Found a faded altar of an unknown god.
  1272 | D:2      | Found a faded altar of an unknown god.
  1339 | D:2      | Reached skill level 1 in Shapeshifting
  1339 | D:2      | Reached XP level 4. HP: 31/41 MP: 1/8
  1999 | D:3      | Reached skill level 1 in Conjurations
  1999 | D:3      | Reached skill level 1 in Hexes
  1999 | D:3      | Reached skill level 1 in Summonings
  1999 | D:3      | Reached skill level 1 in Necromancy
  1999 | D:3      | Reached skill level 1 in Translocations
  1999 | D:3      | Reached skill level 1 in Ice Magic
  1999 | D:3      | Reached skill level 1 in Air Magic
  1999 | D:3      | Reached skill level 1 in Earth Magic
  1999 | D:3      | Reached skill level 1 in Alchemy
  2100 | D:3      | HP: 1/41 [gnoll/+0 whip (6)]
  2654 | D:3      | Noticed a scorpion
  2689 | D:3      | Reached XP level 5. HP: 47/47 MP: 4/9
  3011 | D:4      | Noticed an orc warrior
  3165 | D:4      | Reached XP level 6. HP: 52/53 MP: 8/11
  3658 | D:5      | Entered Level 5 of the Dungeon
  3870 | D:4      | Found a staircase to the Ecumenical Temple.
  3883 | Temple   | Found a transporter.
  3883 | Temple   | Found a transporter.
  3883 | Temple   | Found a transporter.
  3883 | Temple   | Found a transporter.
  3883 | Temple   | Entered the Ecumenical Temple
  4250 | D:5      | Reached XP level 7. HP: 60/60 MP: 7/12
  4797 | D:5      | Found a burning altar of Makhleb.
  4808 | D:5      | Learned a level 3 spell: Swiftness
  4812 | D:5      | Learned a level 3 spell: Passwall
  5407 | D:5      | Found Uveid's Antique Armour Emporium.
  5641 | D:1      | Bought a scroll labelled FOCEVEFOER for 22 gold pieces
  5641 | D:1      | Bought an encrusted gold wand for 88 gold pieces
  5641 | D:1      | Bought a smoky grey potion for 19 gold pieces
  5641 | D:1      | Bought a scroll labelled HOXKIN DYCER for 22 gold pieces
  5787 | D:6      | Noticed Edmund
  5858 | D:6      | Identified the dragon-blood talisman "Nagoacof" {Int+2}
  5880 | D:6      | Reached XP level 8. HP: 44/67 MP: 14/14
  6167 | D:6      | Found a snail-covered altar of Cheibriados.
  6467 | D:6      | Killed Edmund
  6822 | D:7      | Reached skill level 5 in Spellcasting
  6822 | D:7      | Reached XP level 9. HP: 58/73 MP: 14/16
  7445 | D:8      | Identified the +1 leather armour of the Heron {rPois rF-
                  | Int+3 Dex+8}
  7531 | D:8      | Reached skill level 5 in Invocations
  7582 | D:8      | Found a flagged portal.
  7589 | Bailey   | Entered a bailey
  7705 | Bailey   | Noticed a two-headed ogre
  7731 | Bailey   | Reached skill level 5 in Short Blades
  7731 | Bailey   | Reached skill level 5 in Long Blades
  7731 | Bailey   | Reached skill level 5 in Maces & Flails
  7731 | Bailey   | Reached skill level 5 in Polearms
  7731 | Bailey   | Reached skill level 5 in Staves
  7731 | Bailey   | Reached skill level 5 in Ranged Weapons
  7731 | Bailey   | Reached skill level 5 in Throwing
  7731 | Bailey   | Reached skill level 5 in Armour
  7731 | Bailey   | Reached skill level 5 in Dodging
  7731 | Bailey   | Reached skill level 5 in Stealth
  7731 | Bailey   | Reached skill level 5 in Shields
  7731 | Bailey   | Reached skill level 5 in Unarmed Combat
  7731 | Bailey   | Reached skill level 5 in Evocations
  7731 | Bailey   | Reached XP level 10. HP: 11/81 MP: 12/18
  7743 | Bailey   | Slain by a two-headed ogre

Illustrated notes

Levels and vault maps discovered:
D:1:      dpeg_arrival_stone_temple_mockup, layout_basic, serial_shops,
          nicolae_shop_stone
D:2:      layout_loops_corners, hellmonk_ecumenical_altar_the_god_not_taken,
          corexii_item_surrounded_by_moat, st_stairs_11, nrook_campfire,
          kennysheep_nondescript
D:3:      layout_loops_ring, minivault_11, minmay_door_square
D:4:      layout_loops_ring, minmay_temple_entry_waves,
          hangedman_decor_clover_reticule, dk_noncrumbling_4
D:5:      layout_layer_cave, mainiacjoe_overflow_surrounded_room, serial_shops,
          nicolae_shop_behind_doors, item_on_display_a
D:6:      layout_gridville, mainiacjoe_overflow_six_doors_small,
          grunt_decor_arrowhead, uniq_edmund
D:7:      layout_cave_pools, amcnicky_mini_pool_small
D:8:      layout_loops_ring, enter_bailey_3
Temple:   hellmonk_temple_divided_pantheon
Bailey:   bailey_polearm_enchanted_keep_hellmonk, bailey

Skill      XL: |  1  2  3  4  5  6  7  8  9 |
---------------+----------------------------+-----
Invocations    | 1 2 3 4 5 |  5.4
Short Blades   | 1 2 3 4 5 |  5.0
Long Blades    | 1 2 3 4 5 |  5.0
Maces & Flails | 1 2 3 4 5 |  5.0
Polearms       | 1 2 3 4 5 |  5.0
Staves         | 1 2 3 4 5 |  5.0
Ranged Weapons | 1 2 3 4 5 |  5.0
Throwing       | 1 2 3 4 5 |  5.0
Armour         | 1 2 3 4 5 |  5.0
Dodging        | 1 2 3 4 5 |  5.0
Stealth        | 1 2 3 4 5 |  5.0
Shields        | 1 2 3 4 5 |  5.0
Unarmed Combat | 1 2 3 4 5 |  5.0
Evocations     | 1 2 3 4 5 |  5.0
Shapeshifting  | 1 2 3 4 |  4.5
Spellcasting   | 3 4 5 |  5.8
Conjurations   | 1 2 3 4 |  4.1
Hexes          | 1 2 3 4 |  4.1
Summonings     | 1 2 3 4 |  4.1
Necromancy     | 1 2 3 4 |  4.1
Translocations | 1 2 3 4 |  4.1
Ice Magic      | 1 2 3 4 |  4.1
Air Magic      | 1 2 3 4 |  4.1
Earth Magic    | 1 2 3 4 |  4.1
Alchemy        | 1 2 3 4 |  4.1
Fighting       | 7 8 |  8.3
Axes           | 7 8 |  8.3
Fire Magic     | 6 |  6.9

Action                     |  1- 3 |  4- 6 |  7- 9 | 10-12 || total
---------------------------+-------+-------+-------+-------++-------
  Melee: Hand axe          |    76 |    79 |    26 |       ||   181
         Bite              |     4 |     3 |    11 |       ||    18
         Punch             |       |     3 |     2 |       ||     5
         Battleaxe         |       |       |   135 |       ||   135
  Throw: Stone             |       |     4 |       |       ||     4
         Boomerang         |       |     3 |    48 |       ||    51
         Dart              |       |       |    15 |       ||    15
         Javelin           |       |       |     4 |       ||     4
   Cast: Scorch            |     7 |    39 |    59 |       ||   105
  Evoke: Wand              |       |       |     3 |       ||     3
    Use: Scroll            |       |       |     2 |     1 ||     3
   Stab: Sleeping          |     1 |       |       |       ||     1
 Armour: Robe              |    32 |    46 |    24 |       ||   102
         Scale mail        |       |       |    27 |       ||    27
         Ring mail         |       |       |    91 |     1 ||    92
  Dodge: Dodged            |    38 |    44 |   127 |     2 ||   211
